 Dungeon Crawl Stone Soup version 0.30-a0-364-gf6b3ef1049 (webtiles) character file.

Game seed: 12766215286806018656

120 tilp the Cudgeller (level 5, 0/36 (45) HPs)
             Began as a Meteoran Reaver on Nov 15, 2022.
             Was an Initiate of Nemelex Xobeh.
             Slain by an orc
             ... wielding a +0 hand axe
              (4 damage)
             ... on level 4 of the Dungeon.
             The game lasted 00:05:05 (680 turns).

tilp the Cudgeller (Meteoran Reaver)                 Turns: 680, Time: 00:05:06

HP:   0/36 (45)     AC:  3    Str: 13    XL:     5   Next: 50%
MP:   8/10          EV: 12    Int: 16    God:    Nemelex Xobeh [......]
Gold: 85            SH:  0    Dex: 13    Spells: 5/10 levels left

rFire   . . .      SeeInvis .    a - +0 mace
rCold   . . .      Faith    .    (no shield)
rNeg    . . .      Spirit   .    b - +0 leather armour
rPois   .          Reflect  .    (no helmet)
rElec   .          Harm     .    (no cloak)
rCorr   .          Rampage  .    (no gloves)
Will    .....                    (no boots)
Stlth   +.........               (no amulet)
HPRegen 0.26/turn                (no ring)
MPRegen 0.12/turn                (no ring)

@: freezing walls, glowing, heavily drained
A: sense surroundings 1, otherworldly, glowing, explore regen
a: Renounce Religion, Draw Escape, Draw Destruction, Draw Summoning


You were on level 4 of the Dungeon.
You worshipped Nemelex Xobeh.
Nemelex Xobeh was noncommittal.
You visited 1 branch of the dungeon, and saw 4 of its levels.

You collected 85 gold pieces.

Inventory:

Hand Weapons
 a - a +0 mace (weapon)
 h - a +0 war axe
Missiles
 c - 25 stones (quivered)
 g - 3 boomerangs
Armour
 b - a +0 leather armour (worn)
Scrolls
 e - a scroll of amnesia {unknown}
 j - a scroll of vulnerability {unknown}
Potions
 d - 2 potions of might
 f - a potion of lignification


   Skills:
 + Level 3.2 Fighting
 + Level 5.0 Maces & Flails
 + Level 3.5 Dodging
 - Level 3.0 Spellcasting
 - Level 4.0 Conjurations
 + Level 1.7 Ice Magic


You had 5 spell levels left.
You knew the following spells:

 Your Spells              Type           Power      Damage    Failure   Level
a - Freeze                Ice            32%        1d5       12%         1
b - Frozen Ramparts       Ice            16%        1d3       34%         3
c - Kiss of Death         Conj/Necr      32%        2d7       11%         1

Your spell library contained the following spells:

 Spells                   Type           Power      Damage    Failure   Level
 Momentum Strike          Conj/Tloc      16%        3d8       16%         2
 Hailstorm                Conj/Ice       11%        3d5       22%         3
 Cigotuvi's Dreadful Rot  Necr/Pois/Air  4%         N/A       34%         2
 Poisonous Vapours        Pois/Air       4%         N/A       34%         2
 Mephitic Cloud           Conj/Pois/Air  6%         N/A       38%         3
 Call Canine Familiar     Summ           2%         N/A       56%         3
 Ignite Poison            Fire/Tmut/Pois 2%         N/A       56%         3
 Portal Projectile        Hex/Tloc       4%         N/A       56%         3
 Sticky Flame             Conj/Fire      8%         2d3       71%         4
 Leda's Liquefaction      Hex/Erth       1%         N/A       93%         4
 Ignition                 Fire           1%         3d3       100%        8


Dungeon Overview and Level Annotations

Branches:
Dungeon (4/15) Zot: 1695
 Temple: D:4-7

Altars:
Nemelex Xobeh
Xom
The Shining One


Innate Abilities, Weirdness & Mutations

You passively map a small area around you.
You are easily found by Zot.
You glow in the dark.
You regain HP and MP as you explore.


Message History

The wall freezes the hound.
The hound bites you.
* * * LOW HITPOINT WARNING * * *
The wall freezes the hound but does no damage.
The hound bites you.
* * * LOW HITPOINT WARNING * * *
The wall freezes the orc.
You hit the hound.
The hound is heavily wounded.
The wall freezes the hound.
The hound bites you.
* * * LOW HITPOINT WARNING * * *
An orc comes into view. It is wielding a +0 club.
The wall freezes the orc.
You kill the orc!
The wall freezes the hound but does no damage.
The hound bites you.
* * * LOW HITPOINT WARNING * * *
You barely miss the hound.
The hound is heavily wounded.
The orc shouts!
The wall freezes the hound.
The hound bites you but does no damage.
The wall freezes the orc but does no damage.
The wall freezes the hound.
The hound bites you.
* * * LOW HITPOINT WARNING * * *
Unknown command.
You hit the hound.
The hound is almost dead.
The wall freezes the orc.
The wall freezes the hound.
The hound barely misses you.
The wall freezes the orc but does no damage.
Unknown command.
Unknown command.
You hit the hound.
You kill the hound!
The wall freezes the orc.
An orc comes into view. It is wielding a +0 trident.
The wall freezes the orc.
The orc closely misses you.
The wall freezes the orc.
You kill the orc!
The wall freezes the orc.
The orc hits you with a +0 hand axe.
You die...
Your body disappears without additional glow.

.###.##..##..###...##
,
##*#.##⌠.⌠#..)......#
#...._...........# *
#...⌠.⌠..........# , ,
#......#.........# ,,
#......+.........# ,
,*##....###)###'######
*
**#....###.##..####.#
,
,.<..........o@†.)..+
,,
............).#....#
##..##.##o##+###...#,
, #. #.# #...+ + , , .
..., , ....# ,* ( ....
, ,....# , , .# #.#
##...# * * ,, * #...#
, , ,* , * ..... ,,


You could see 2 orcs.

Vanquished Creatures
  A hound (D:4)
  2 orc wizards (D:4)
  2 adders
  A worm (D:2)
  2 dart slugs
  3 orcs (D:4)
  5 ball pythons (D:1)
  3 endoplasms
  A giant cockroach (D:1)
  6 goblins
  3 hobgoblins
  2 kobolds
  2 quokkas (D:2)
  4 bats
  3 frilled lizards
  5 rats
45 creatures vanquished.

Notes
Turn   | Place    | Note
-------+----------+-------------------------------------------
     0 | D:1      | tilp the Meteoran Reaver began the quest for the Orb.
     0 | D:1      | Reached XP level 1. HP: 17/17 MP: 5/5
    41 | D:1      | Reached XP level 2. HP: 10/24 MP: 6/6
    59 | D:1      | Learned a level 1 spell: Freeze
   123 | D:1      | Reached XP level 3. HP: 5/25 MP: 5/8
   355 | D:2      | Learned a level 3 spell: Frozen Ramparts
   458 | D:3      | Reached XP level 4. HP: 32/34 MP: 9/9
   462 | D:3      | Reached skill level 1 in Ice Magic
   471 | D:3      | Found a shimmering blue altar of Sif Muna.
   473 | D:3      | Found a stormy altar of Qazlal.
   473 | D:3      | Found a glowing golden altar of the Shining One.
   476 | D:3      | Found a shadowy altar of Dithmenos.
   476 | D:3      | Found a shimmering altar of Xom.
   476 | D:3      | Found a shimmering altar of Xom.
   602 | D:4      | Found a sparkling altar of Nemelex Xobeh.
   608 | D:4      | Became a worshipper of Nemelex Xobeh the Trickster
   640 | D:4      | Reached XP level 5. HP: 11/41 MP: 8/10
   644 | D:4      | Reached skill level 5 in Maces & Flails
   680 | D:4      | Slain by an orc

Illustrated notes

Levels and vault maps discovered:
D:1:      lightli_arrival_statue_moat, layout_rooms, minmay_pentomino_o2
D:2:      layout_rooms
D:3:      layout_loops_ring, doesnt_xom_only_xom, basic_ecumenical_altar
D:4:      layout_gridville, zin_academy, mainiacjoe_overflow_24_doors,
          gammafunk_temple_overflow_forgotten, lemuel_tele_altar,
          nemelex_xobeh_ov_fountains_minmay,
          mainiacjoe_overflow_surrounded_room, lemuel_temple_firewalk_b,
          nicolae_figureground_sparkle

Skill      XL: |  1  2  3  4  5 |
---------------+----------------+-----
Spellcasting   | 3 |  3.0
Dodging        | 3 |  3.5
Conjurations   | 4 |  4.0
Ice Magic      | 1 |  1.7
Fighting       | 3 |  3.2
Maces & Flails | 5 |  5.0

Action                   |  1- 3 |  4- 6 || total
-------------------------+-------+-------++-------
Melee: Mace              |    77 |    52 ||   129
 Cast: Kiss of Death     |     1 |     2 ||     3
       Freeze            |     1 |       ||     1
       Frozen Ramparts   |       |     1 ||     1
  Use: Scroll            |     3 |     2 ||     5
       Potion            |       |     1 ||     1
Armor: Leather armour    |    24 |    15 ||    39
Dodge: Dodged            |    54 |    32 ||    86

Table legend: (Time is in decaauts)
 A = Elapsed time spent in this place.
 B = Non-inter-level travel time spent in this place.
 C = Inter-level travel time spent in this place.
 D = Time resting spent in this place.
 E = Time spent auto-exploring this place.
 F = Levels seen in this place.
 G = Mean time per level.
                   A        B        C        D        E       F      G
               +--------+--------+--------+--------+--------+-----+--------+
         Total |    703 |    703 |      0 |      0 |     19 |   4 |  175.8 |
       Dungeon |    703 |    703 |      0 |      0 |     19 |   4 |  175.8 |
               +--------+--------+--------+--------+--------+-----+--------+

Top non-repeatable levels by time:
     D:1: 287 daAuts
     D:2: 242 daAuts
     D:4: 100 daAuts
     D:3: 72 daAuts
